 Dungeon Sprint DCSS version 0.29-a0-96-g93358da72b (webtiles) character file.

Game seed: 10533273092043620816

1006 rocky1 the Frost Mage (level 8, -3/48 HPs)
             Began as a Gargoyle Ice Elementalist on Feb 12, 2022.
             Was a High Priest of Sif Muna.
             Slain by a freezing wraith (9 damage)
             ... in the Dungeon (Sprint VII: "The Pits").
             The game lasted 00:07:20 (1145 turns).

rocky1 the Frost Mage (Gargoyle Ice Elementalist)   Turns: 1145, Time: 00:07:21

Health: -3/48      AC: 16    Str: 13    XL:     8   Next: 20%
Magic:  12/16      EV: 12    Int: 17    God:    Sif Muna [*****.]
Gold:   0          SH:  0    Dex: 10    Spells: 7/18 levels left

rFire   . . .      SeeInvis .   l - +1 mace (vorpal)
rCold   . . .      Faith    .   (no shield)
rNeg    + . .      Spirit   .   a - +0 robe
rPois   ∞          Reflect  .   (no helmet)
rElec   +          Harm     .   (no cloak)
rCorr   .          Rampage  .   (no gloves)
Will    .....      NoTele   +   (no boots)
Stlth   ++........              (no amulet)
HPRegen 0.16/turn               (no ring)
MPRegen 0.15/turn               (no ring)

@: ice-armoured, on berserk cooldown, slowed, very slow
A: sickness immunity, AC +5, negative energy resistance 1, electricity
resistance, torment resistance 1, petrification resistance
a: Renounce Religion, Channel Magic, Forget Spell, Divine Exegesis


You were in the Dungeon.
You worshipped Sif Muna.
Sif Muna was extremely pleased with you.
You visited 1 branch

Inventory:

Hand Weapons
 k - a +2 mace
 l - a +1 vorpal mace (weapon)
 m - a +1 quarterstaff of protection
 n - a +0 long sword of flaming
Armour
 a - a +0 robe (worn)
Scrolls
 g - a scroll of blinking
 i - 5 scrolls of amnesia
 j - a scroll of summoning
Potions
 b - 6 potions of curing
 c - 5 potions of heal wounds
 d - a potion of haste
 e - 4 potions of magic
 f - 2 potions of berserk rage
 h - 2 potions of invisibility


   Skills:
 - Level 4.9 Fighting
 - Level 2.3 Dodging
 - Level 2.8 Stealth
 - Level 5.6 Spellcasting
 + Level 9.6 Conjurations
 + Level 12.6 Ice Magic
 - Level 4.9 Invocations


You had 7 spell levels left.
You knew the following spells:

 Your Spells              Type           Power      Damage    Failure   Level
a - Freeze                Ice            100%       1d11      1%          1
b - Frozen Ramparts       Ice            94%        1d11      1%          3
c - Ozocubu's Armour      Ice            47%        N/A       1%          3
d - Hailstorm             Conj/Ice       42%        3d10      1%          4

Your spell library contained the following spells:

 Spells                   Type           Power      Damage    Failure   Level
 Vampiric Draining        Necr           4%         2d6       38%         3
 Animate Dead             Necr           2%         N/A       80%         4
 Borgnjor's Vile Clutch   Necr/Erth      2%         N/A       98%         5
 Excruciating Wounds      Necr           2%         N/A       98%         5
 Death Channel            Necr           2%         N/A       100%        6
 Haunt                    Necr/Summ      2%         N/A       100%        7
 Infestation              Necr           2%         N/A       100%        8
 Necromutation            Tmut/Necr      2%         N/A       100%        8


Dungeon Overview and Level Annotations

Branches:
Dungeon (1/1)

Altars:
Ashenzari
Cheibriados
Dithmenos
Elyvilon
Fedhas
Gozag
Hepliaklqana
Kikubaaqudgha
Makhleb
Nemelex Xobeh
Okawaru
Qazlal
Ru
Sif Muna
Trog
Uskayaw
Vehumet
Wu Jian
Xom
Yredelemnul
Zin
The Shining One
Beogh
Jiyva
Lugonu


Innate Abilities, Weirdness & Mutations

You are immune to sickness and miasma.
Your stone body is resilient. (AC +5)
You are immune to poison.
You resist negative energy. (rN+)
You are resistant to electric shocks. (rElec)
You are resistant to unholy torment.
You are immune to petrification.


Message History

The freezing wraith completely resists.
The wall freezes the freezing wraith but does no damage.
The freezing wraith completely misses you.
The freezing wraith hits you.
* * * LOW HITPOINT WARNING * * *
The freezing wraith drains your vigour!
You feel as though you will be slow longer.
The freezing wraith completely resists.
The wall freezes the freezing wraith but does no damage.
The freezing wraith barely misses you.
The freezing wraith hits you but does no damage.
You feel much better.
The freezing wraith completely resists.
The wall freezes the freezing wraith but does no damage.
The freezing wraith hits you but does no damage.
The freezing wraith barely misses you.
You closely miss the freezing wraith.
The freezing wraith is heavily damaged.
The frozen ramparts melt away.
The freezing wraith hits you but does no damage. x2
The freezing wraith barely misses you. The freezing wraith hits you.
The freezing wraith drains your vigour!
You feel as though you will be slow longer.
You hit the freezing wraith.
The freezing wraith is heavily damaged.
The freezing wraith completely misses you.
The freezing wraith closely misses you. The freezing wraith barely misses you.
The freezing wraith hits you but does no damage.
You hit the freezing wraith but do no damage.
The freezing wraith is heavily damaged.
The freezing wraith hits you. The freezing wraith freezes you!!
* * * LOW HITPOINT WARNING * * *
The freezing wraith closely misses you. x2; The freezing wraith hits you.
* * * LOW HITPOINT WARNING * * *
Unknown command.
You barely miss the freezing wraith.
The freezing wraith is heavily damaged.
The freezing wraith hits you.
* * * LOW HITPOINT WARNING * * *
The freezing wraith freezes you!
You die...

#.#))#.....##.......#
#.#[[###'####.......#
#.##'#.....##...<...#
#.#........##.......#
#)#........##.......#
#)###########.......#
#).÷....#.. #########
#..###..#†# ###
#.......#@# h..#
##.###.##W#....#
#.......#.'..W.+
#..###..#'#....#
#.......')#....#
########### ####


You could see a freezing wraith.

Vanquished Creatures
  An unseen horror (D)
  A warg (D)
  Edmund (D)
  2 floating eyes (D)
  An orc warrior (D)
  A scorpion (D)
  A crimson imp (D)
  An orc priest (D)
  An iguana (D)
  An orc wizard (D)
  A mummy (D)
  An adder (D)
  A river rat (D)
  An ufetubus (D)
  3 orcs (D)
  A ball python (D)
  A bat skeleton (D)
  3 jackals (D)
  A quokka (D)
  A ball python zombie (D)
  A bat (D)
  A kobold (D)
  A quokka zombie (D)
28 creatures vanquished.

Notes
Turn   | Place    | Note
-------+----------+-------------------------------------------
     0 | D        | rocky1 the Gargoyle Ice Elementalist began the quest for
                  | the Orb.
     0 | D        | Reached XP level 1. HP: 10/10 MP: 3/3
    30 | D        | Found a bloodstained altar of Trog.
    30 | D        | Found a shimmering blue altar of Sif Muna.
    30 | D        | Found a viscous altar of Jiyva.
    30 | D        | Found a hazy altar of Hepliaklqana.
    30 | D        | Found an opulent altar of Gozag.
    31 | D        | Found a glowing golden altar of the Shining One.
    31 | D        | Found a glowing silver altar of Zin.
    31 | D        | Found a basalt altar of Yredelemnul.
    31 | D        | Found a shimmering altar of Xom.
    31 | D        | Found an ornate altar of the Wu Jian Council.
    31 | D        | Found a sacrificial altar of Ru.
    31 | D        | Found a stormy altar of Qazlal.
    31 | D        | Found an iron altar of Okawaru.
    31 | D        | Found a sparkling altar of Nemelex Xobeh.
    31 | D        | Found a burning altar of Makhleb.
    31 | D        | Found a blossoming altar of Fedhas.
    31 | D        | Found a white marble altar of Elyvilon.
    31 | D        | Found a shadowy altar of Dithmenos.
    31 | D        | Found a snail-covered altar of Cheibriados.
    34 | D        | Found a corrupted altar of Lugonu.
    34 | D        | Found a radiant altar of Vehumet.
    35 | D        | Found an ancient bone altar of Kikubaaqudgha.
    35 | D        | Found a hide-covered altar of Uskayaw.
    35 | D        | Found a broken altar of Ashenzari.
    36 | D        | Became a worshipper of Sif Muna the Loreminder
    72 | D        | Noticed a scorpion
    75 | D        | Reached skill level 5 in Ice Magic
    75 | D        | Reached XP level 2. HP: 15/15 MP: 1/5
   124 | D        | Killed a scorpion
   125 | D        | Reached skill level 7 in Ice Magic
   125 | D        | Reached XP level 3. HP: 9/19 MP: 1/8
   125 | D        | Reached XP level 4. HP: 12/24 MP: 1/9
   129 | D        | Learned a level 3 spell: Frozen Ramparts
   133 | D        | Learned a level 3 spell: Ozocubu's Armour
   398 | D        | Reached * piety under Sif Muna
   443 | D        | Noticed a floating eye
   449 | D        | Killed a floating eye
   450 | D        | Reached skill level 8 in Ice Magic
   450 | D        | Reached XP level 5. HP: 32/33 MP: 10/12
   450 | D        | Reached ** piety under Sif Muna
   526 | D        | Reached skill level 5 in Spellcasting
   526 | D        | Reached *** piety under Sif Muna
   529 | D        | Reached skill level 9 in Ice Magic
   533 | D        | Reached **** piety under Sif Muna
   534 | D        | Reached XP level 6. HP: 24/39 MP: 8/14
   543 | D        | Reached ***** piety under Sif Muna
   543 | D        | Received a gift from Sif Muna
   546 | D        | Got Ucyzirgh's Grimoire of Evil {god gift}
   902 | D        | Noticed an orc warrior
   909 | D        | Learned a level 4 spell: Hailstorm
   913 | D        | Killed an orc warrior
   914 | D        | Reached skill level 10 in Ice Magic
   962 | D        | Noticed Edmund
   962 | D        | Noticed a floating eye
   963 | D        | Paralysed by a floating eye for 2 turns
   966 | D        | Killed a floating eye
   967 | D        | Reached XP level 7. HP: 44/44 MP: 6/15
   969 | D        | Killed Edmund
   970 | D        | Reached skill level 11 in Ice Magic
  1128 | D        | Noticed a warg
  1128 | D        | Noticed a freezing wraith
  1135 | D        | Killed an unseen horror
  1136 | D        | Reached skill level 12 in Ice Magic
  1136 | D        | Reached XP level 8. HP: 48/48 MP: 9/16
  1145 | D        | Slain by a freezing wraith

Illustrated notes

Levels and vault maps discovered:
D:        pitsprint [storerooms_1, entrance_room_1, metal_vault_6, armoury_1,
          mini_pit_1, grid_room_1, main_hall_1, silver_pit, the_coven_3,
          the_vestibule_1, steel_vault_5, golden_pit, hallway_of_sentries,
          crystal_vault_3, iron_vault_5, final_vault]

Skill      XL: |  1  2  3  4  5  6  7 |
---------------+----------------------+-----
Ice Magic      | 5 7 8 9 10 12 | 12.6
Dodging        | 2 |  2.3
Spellcasting   | 3 4 5 |  5.6
Fighting       | 3 4 |  4.9
Invocations    | 3 4 |  4.9
Conjurations   | 6 9 |  9.6
Stealth        | |  2.8

Action                   |  1- 3 |  4- 6 |  7- 9 || total
-------------------------+-------+-------+-------++-------
Melee: Mace              |       |    24 |    13 ||    37
       Punch             |       |     1 |       ||     1
 Cast: Freeze            |     7 |       |       ||     7
       Frozen Ramparts   |       |     5 |     1 ||     6
       Ozocubu's Armour  |       |     3 |     1 ||     4
  Use: Potion            |       |       |     2 ||     2
 Stab: Sleeping          |       |     1 |       ||     1
Armor: Robe              |     1 |     9 |    12 ||    22
Dodge: Dodged            |     1 |    22 |    13 ||    36

Table legend: (Time is in decaauts)
 A = Elapsed time spent in this place.
 B = Non-inter-level travel time spent in this place.
 C = Inter-level travel time spent in this place.
 D = Time resting spent in this place.
 E = Time spent auto-exploring this place.
 F = Levels seen in this place.
 G = Mean time per level.
                   A        B        C        D        E       F      G
               +--------+--------+--------+--------+--------+-----+--------+
         Total |   1158 |   1158 |      0 |    863 |     22 |   1 | 1158.0 |
       Dungeon |   1158 |   1158 |      0 |    863 |     22 |   1 | 1158.0 |
               +--------+--------+--------+--------+--------+-----+--------+

Top non-repeatable levels by time:
       D: 1158 daAuts
